 Dungeon Crawl Stone Soup version 0.22-a0-757-gdba82d8 (webtiles) character file.

57290 kae the Bludgeoner (level 14, -16/129 HPs)
             Began as a Minotaur Fighter on July 16, 2018.
             Was a High Priest of Makhleb.
             Demolished by an orc knight
             ... wielding a +0 long sword
              (21 damage)
             ... on level 2 of the Orcish Mines.
             The game lasted 00:19:25 (20666 turns).

kae the Bludgeoner (Minotaur Fighter)              Turns: 20666, Time: 00:19:27

Health: -16/129    AC: 24    Str: 23    XL:     14   Next: 45%
Magic:  20/20      EV: 13    Int: 13    God:    Makhleb [*****.]
Gold:   448        SH: 11    Dex: 18    Spells: 13/13 levels left

rFire    . . .     SeeInvis +   S - +6 eveningstar (drain)
rCold    . . .     Gourm    +   z - +1 shield {AC+3}
rNeg     . . .     Faith    .   W - +3 scale mail of Resilience {Dex+6}
rPois    +         Spirit   .   Y - +2 hat of Ybriet {Int+3 SInv}
rElec    .         Reflect  .   Z - +1 cloak
rCorr    .         Harm     .   X - +0 pair of gloves of Maes {Int+4} (curse)
MR       ++...                  r - +0 pair of boots
Stlth    ..........             L - amulet of the gourmand
HPRegen  0.31/turn              G - ring of protection from magic
MPRegen  0.17/turn              n - ring of poison resistance

@: studying Slings
A: retaliatory headbutt, horns 2
a: Minor Destruction, Lesser Servant of Makhleb, Major Destruction, Greater
Servant of Makhleb, Renounce Religion


You were on level 2 of the Orcish Mines.
You worshipped Makhleb.
Makhleb was extremely pleased with you.
You were not hungry.

You visited 4 branches of the dungeon, and saw 20 of its levels.
You also visited: Ice Cave.

You collected 1850 gold pieces.
You spent 1402 gold pieces at shops.

Inventory:

Hand Weapons
 a - a +0 flail
 c - a +2 hand crossbow of freezing
 g - a +1 flail of protection
 O - the +2 mace "Uchyimim" {crush, rN+ Str-2 Int+5}
   (You found it on level 1 of the Lair of Beasts)

   It inflicts extra damage upon your enemies.
   It affects your strength (-2).
   It affects your intelligence (+5).
   It protects you from negative energy.
 S - a +6 eveningstar of draining (weapon)
Armour
 r - a +0 pair of boots (worn)
 z - a +1 shield of protection (worn)
 E - a +4 scale mail
 Q - a +0 plate armour
 W - the +3 scale mail of Resilience (worn) {Dex+6}
   (You bought it in a shop on level 1 of the Orcish Mines)

   It affects your dexterity (+6).
 X - the cursed +0 pair of gloves of Maes (worn) {Int+4}
   (You bought it in a shop on level 2 of the Orcish Mines)

   It affects your intelligence (+4).
   It has a curse placed upon it.
 Y - the +2 hat of Ybriet (worn) {Int+3 SInv}
   (You bought it in a shop on level 2 of the Orcish Mines)

   It affects your intelligence (+3).
   It lets you see invisible.
 Z - a +1 cloak (worn)
Jewellery
 b - an uncursed ring of protection from magic
 l - an uncursed ring of protection from fire
 n - a ring of poison resistance (right hand)
 o - a +2 ring of dexterity
 G - a ring of protection from magic (left hand)
 H - an uncursed ring of resist corrosion
 L - an amulet of the gourmand (around neck)
 V - an uncursed ring of magical power {unknown}
Wands
 m - a wand of disintegration (23)
 q - a wand of paralysis (27)
 y - a wand of random effects (58)
 D - a wand of digging (8)
 K - a wand of enslavement (35)
 M - a wand of polymorph (10)
 N - a wand of acid (12)
 R - a wand of flame (50)
Scrolls
 h - 11 scrolls of remove curse
 i - 7 scrolls of identify
 k - 4 scrolls of enchant weapon
 t - 4 scrolls of magic mapping
 v - a scroll of fear
 x - 3 scrolls of amnesia
 B - 2 scrolls of teleportation
 T - a scroll of blinking
Potions
 d - 4 potions of might
 e - 2 potions of magic
 j - 5 potions of mutation
 p - a potion of brilliance
 s - 2 potions of invisibility
 u - a potion of lignification
 w - 2 potions of ambrosia
 A - 4 potions of cancellation
 C - 2 potions of agility
 F - a potion of degeneration
 I - a potion of haste
 J - 3 potions of heal wounds
 P - 4 potions of curing
Books
 U - a manual of Slings
Comestibles
 f - 27 rations


   Skills:
 - Level 13.0 Fighting
 - Level 17.0 Maces & Flails
 - Level 15.4 Armour
 * Level 7.3 Dodging
 - Level 3.6 Shields
 - Level 10.0 Invocations
 + Level 3.0 Evocations


You had 13 spell levels left.
You didn't know any spells.
Your spell library contained the following spells:

 Spells                   Type           Power        Failure   Level  Hunger
 Fireball                 Conj/Fire      #.........   100%        5    ######.
 Conjure Flame            Conj/Fire      #.......     100%        3    ####...
 Throw Flame              Conj/Fire      #.....       98%         2    ###....
 Summon Small Mammal      Summ           #...         95%         1    ##.....
 Sticky Flame             Conj/Fire      #.......     100%        4    #####..
 Summon Ice Beast         Ice/Summ       #.......     100%        4    #####..
 Call Imp                 Summ           #.......     98%         2    ###....
 Statue Form              Tmut/Erth      #........    100%        6    #######
 Dragon Form              Tmut           #.........   100%        7    #######
 Flame Tongue             Conj/Fire      #....        95%         1    ##.....
 Call Canine Familiar     Summ           #.......     100%        3    ####...
 Inner Flame              Hex/Fire       #.......     100%        3    ####...
 Summon Lightning Spire   Summ/Air       #.......     100%        4    #####..
 Summon Guardian Golem    Hex/Summ       #.......     100%        3    ####...
 Hydra Form               Tmut           #.........   100%        6    #######
 Irradiate                Conj/Tmut      #.........   100%        5    ######.


Dungeon Overview and Level Annotations

Branches:
Dungeon (11/15)            Temple (1/1) D:6            Lair (6/6) D:9
 Shoals (0/4) Lair:3        Snake (0/4) Lair:3        Slime (0/5) Lair:5
    Orc (2/2) D:9
    Elf: Orc:2

Altars:
Ashenzari
Cheibriados
Dithmenos
Elyvilon
Fedhas
Gozag
Hepliaklqana
Kikubaaqudgha
Makhleb
Nemelex Xobeh
Okawaru
Qazlal
Ru
Sif Muna
Trog
Vehumet
Wu Jian
Xom
Yredelemnul
Zin
The Shining One

Shops:
D:5 %   Orc:1 [   Orc:2 (*[:

Portals:
Hell: Lair:6

Annotations:
D:6 Dowan, Duvessa
Lair:6 exclusion: oklob plant


Innate Abilities, Weirdness & Mutations

You reflexively headbutt those who attack you in melee.
You have a pair of horns on your head.


Message History

The orc knight hits you but does no damage.
You block the orc priest's attack.
The orc knight hits you but does no damage.
An orc priest comes into view.
The orc warrior misses you.
Things that are here:
a dagger; a robe The orc priest shouts!
You impale the orc priest!!
You kill the orc priest!
Makhleb accepts your kill.
You feel better.
The orc warrior hits you with a war axe of electrocution!
* * * LOW HITPOINT WARNING * * *
The orc knight closely misses you. You furiously retaliate!
You headbutt the orc knight, but do no damage.
The orc warrior hits you with a short sword!
* * * LOW HITPOINT WARNING * * *
The orc knight hits you with a long sword!!
You die...

.PP........##..
....o......#...
.....∩..P......
...............
..P....8...$...
#...............
#....P)§.P#...$.
#P..o@o##.#.## #.....
##..ooo......##.....<.
##..o.#..............
##.(................
#..................
##(................
###.##............
##.#.............
#......#.........


You could see 2 orc knights, 3 orc warriors, an orc priest and an orc.

Vanquished Creatures
  An orc warlord (Orc:2)
  A dire elephant (Lair:6)
  10 hydras
  Harold (Lair:1)
  Erica (Lair:1)
  A catoblepas (Lair:6)
  3 death yaks
  2 two-headed ogres (D:11)
  Urug (Lair:2)
  The ghost of Ratty the Slinger, a journeyman DEFE of Vehumet (D:11)
  2 orc high priests (Orc:2)
  Sonja (Lair:2)
  Nergalle (Lair:2)
  A sun demon (Lair:6)
  A fire crab (Lair:6)
  A wizard (Lair:6)
  An unseen horror (D:11)
  3 orc knights (Orc:2)
  4 orc sorcerers (Orc:2)
  An elephant (Lair:6)
  5 black mambas
  An orange demon (Lair:6)
  Psyche (D:9)
  A gargoyle (D:10)
  7 rime drakes
  An efreet (D:11)
  10 spiny frogs
  3 komodo dragons
  A hellwing (Lair:6)
  3 ice devils (Lair:6)
  5 trolls
  A red devil (Lair:6)
  Grinder (D:4)
  8 polar bears
  7 hippogriffs
  A hornet (D:10)
  3 blink frogs (Lair:6)
  Prince Ribbit (D:7)
  42 yaks
  5 wyverns
  Eustachio (D:5)
  A wraith (D:11)
  3 basilisks
  2 steam dragons
  3 nagas (Lair:3)
  4 wargs
  11 water moccasins
  4 hell hounds (Lair:6)
  6 porcupines
  An ice beast (D:10)
  5 sky beasts
  24 orc warriors
  7 ogres
  3 black bears
  16 wolves
  2 phantoms
  7 centaurs
  7 crocodiles
  14 bullfrogs
  A scorpion (D:9)
  A wyvern skeleton (D:8)
  5 wights (D:11)
  An electric eel (Lair:6)
  A bullfrog zombie (D:10)
  A howler monkey (D:7)
  A crimson imp (D:11)
  3 hounds
  16 jellies
  14 orc priests
  12 orc wizards
  3 iguanas
  9 worker ants
  Terence (D:2)
  A hound zombie (D:6)
  A howler monkey zombie (D:11)
  A worker ant zombie (D:4)
  9 adders
  6 gnolls
  A howler monkey skeleton (D:4)
  2 oozes (D:2)
  4 worms
  3 dart slugs
  7 leopard geckos
  70 orcs
  4 giant cockroaches
  9 goblins
  10 hobgoblins
  3 jackals (D:1)
  2 quokkas
  12 bats
  3 frilled lizards
  2 kobolds
  A leopard gecko zombie (D:8)
  9 rats
  2 plants (Lair:6)
497 creatures vanquished.

Vanquished Creatures (collateral kills)
  A death yak (Lair:4)
1 creature vanquished.

Vanquished Creatures (others)
  2 yaks (IceCv)
  A wolf (IceCv)
  A bush (Lair:6)
  19 fungi
  21 plants
44 creatures vanquished.

Grand Total: 542 creatures vanquished

Notes
Turn   | Place    | Note
-------+----------+-------------------------------------------
     0 | D:1      | kae the Minotaur Fighter began the quest for the Orb.
     0 | D:1      | Reached XP level 1. HP: 19/19 MP: 0/0
    68 | D:1      | Reached XP level 2. HP: 27/27 MP: 1/1
    85 | D:1      | Reached skill level 3 in Maces & Flails
   209 | D:1      | Reached skill level 1 in Dodging
   233 | D:1      | Reached XP level 3. HP: 33/33 MP: 2/2
   542 | D:2      | Noticed Terence
   548 | D:2      | Killed Terence
   656 | D:2      | Reached XP level 4. HP: 32/40 MP: 3/3
   925 | D:2      | Reached skill level 4 in Maces & Flails
  1300 | D:3      | Found a glowing silver altar of Zin.
  1300 | D:3      | Found a blossoming altar of Fedhas.
  1431 | D:3      | Reached XP level 5. HP: 38/47 MP: 4/4
  2058 | D:4      | Noticed a centaur
  2064 | D:4      | Killed a centaur
  2064 | D:4      | Reached skill level 5 in Maces & Flails
  2067 | D:4      | Reached XP level 6. HP: 33/55 MP: 5/5
  2383 | D:4      | Reached skill level 5 in Fighting
  2383 | D:4      | Reached skill level 5 in Armour
  2590 | D:4      | Noticed Grinder
  2657 | D:4      | Paralysed by Grinder for 6 turns
  2667 | D:4      | Killed Grinder
  2667 | D:4      | Reached skill level 6 in Maces & Flails
  2667 | D:4      | Reached XP level 7. HP: 34/61 MP: 6/6
  3482 | D:4      | Reached skill level 7 in Maces & Flails
  3593 | D:5      | Entered Level 5 of the Dungeon
  3710 | D:5      | Noticed Eustachio
  3739 | D:5      | Killed Eustachio
  3739 | D:5      | Reached XP level 8. HP: 68/70 MP: 7/7
  3810 | D:5      | Found a shadowy altar of Dithmenos.
  4079 | D:5      | Reached skill level 8 in Maces & Flails
  4103 | D:5      | Found Fagot's Food Emporium.
  4403 | D:6      | Found a bloodstained altar of Trog.
  4419 | D:6      | Noticed Dowan
  4419 | D:6      | Noticed Duvessa
  4641 | D:6      | Found a staircase to the Ecumenical Temple.
  4666 | D:6      | Found a hazy altar of Hepliaklqana.
  4732 | Temple   | Entered the Ecumenical Temple
  4782 | Temple   | Became a worshipper of Makhleb the Destroyer
  4816 | D:6      | Found a stormy altar of Qazlal.
  4895 | D:6      | Found a glowing golden altar of the Shining One.
  5116 | D:7      | Reached skill level 9 in Maces & Flails
  5130 | D:7      | Reached skill level 1 in Invocations
  5646 | D:7      | Noticed Prince Ribbit
  5650 | D:7      | Killed Prince Ribbit
  5650 | D:7      | Reached XP level 9. HP: 74/79 MP: 9/9
  5812 | D:8      | Identified a scroll of acquirement
  5849 | D:8      | Reached skill level 10 in Maces & Flails
  5946 | D:8      | Found an opulent altar of Gozag.
  6113 | D:8      | Reached * piety under Makhleb
  6295 | D:9      | Noticed a troll
  6302 | D:9      | Killed a troll
  6415 | D:9      | Reached skill level 11 in Maces & Flails
  6479 | D:9      | Found a staircase to the Lair.
  6648 | D:9      | Reached XP level 10. HP: 46/91 MP: 12/12
  6654 | D:9      | Reached ** piety under Makhleb
  6683 | D:9      | Reached skill level 12 in Maces & Flails
  6937 | D:9      | Found a staircase to the Orcish Mines.
  7018 | D:9      | Noticed Psyche
  7036 | D:9      | Killed Psyche
  7036 | D:9      | Reached skill level 5 in Invocations
  7236 | D:9      | Found a sacrificial altar of Ru.
  7243 | D:9      | Found a deep blue altar of Sif Muna.
  7307 | D:10     | Entered Level 10 of the Dungeon
  7576 | D:10     | Noticed a gargoyle
  7587 | D:10     | Killed a gargoyle
  7587 | D:10     | Reached skill level 10 in Fighting
  7587 | D:10     | Reached skill level 13 in Maces & Flails
  8017 | D:11     | Killed an unseen horror
  8171 | D:11     | Reached *** piety under Makhleb
  8225 | D:11     | Found a frozen archway.
  8232 | D:11     | Reached XP level 11. HP: 91/101 MP: 14/14
  8404 | IceCv    | Entered an ice cave
  8420 | IceCv    | Reached skill level 14 in Maces & Flails
  8992 | D:11     | Noticed a two-headed ogre
  9043 | D:11     | Killed a two-headed ogre
  9076 | D:11     | Noticed a two-headed ogre
  9085 | D:11     | Killed a two-headed ogre
  9092 | D:11     | Found a runed door.
  9093 | D:11     | Noticed Ratty's ghost (journeyman DEFE)
  9174 | D:11     | Found an ornate altar of the Wu Jian Council.
  9464 | D:11     | Reached skill level 15 in Maces & Flails
  9973 | D:11     | Killed Ratty's ghost
 10064 | Lair:1   | Entered Level 1 of the Lair of Beasts
 10075 | Lair:1   | Noticed Erica
 10108 | Lair:1   | Killed Erica
 10130 | Lair:1   | Noticed a four-headed hydra
 10147 | Lair:1   | Killed a four-headed hydra
 10147 | Lair:1   | Reached XP level 12. HP: 91/112 MP: 17/17
 10155 | Lair:1   | Reached **** piety under Makhleb
 10379 | Lair:1   | Noticed Harold
 10407 | Lair:1   | Killed Harold
 10899 | Lair:1   | Got a translucent mace
 10901 | Lair:1   | Identified the +2 mace "Uchyimim" {crush, rN+ Str-2 Int+5} (You found it on level 1 of the Lair of Beasts)
 10932 | Lair:2   | Noticed a seven-headed hydra
 10940 | Lair:2   | Killed a seven-headed hydra
 10940 | Lair:2   | Reached skill level 16 in Maces & Flails
 11175 | Lair:2   | Noticed Urug
 11207 | Lair:2   | Killed Urug
 11478 | Lair:2   | Noticed Sonja
 11500 | Lair:2   | Killed Sonja
 11730 | Lair:2   | Noticed Nergalle
 11760 | Lair:2   | Killed Nergalle
 12311 | Lair:3   | Found a staircase to the Shoals.
 12738 | Lair:3   | Found a staircase to the Snake Pit.
 13035 | Lair:3   | Reached skill level 17 in Maces & Flails
 13599 | Lair:4   | Reached skill level 10 in Invocations
 14792 | Lair:5   | Noticed a death yak
 14792 | Lair:5   | Noticed a death yak
 14792 | Lair:5   | Noticed a death yak
 14808 | Lair:4   | Killed a death yak
 15451 | Lair:4   | Killed a death yak
 15451 | Lair:4   | Reached XP level 13. HP: 67/122 MP: 19/19
 15972 | Lair:5   | Found a staircase to the Slime Pits.
 16849 | Lair:5   | Reached skill level 10 in Armour
 17188 | Lair:6   | Entered Level 6 of the Lair of Beasts
 17826 | Lair:6   | Reached ***** piety under Makhleb
 18659 | Lair:6   | Reached XP level 14. HP: 121/129 MP: 20/20
 18674 | Lair:6   | Found a burning altar of Makhleb.
 18899 | Lair:6   | Found a gateway to Hell.
 19005 | Lair:6   | Reached skill level 15 in Armour
 19820 | Orc:1    | Entered Level 1 of the Orcish Mines
 19820 | Orc:1    | Found Esathaf's Antique Armour Emporium.
 19859 | Orc:1    | Bought a brightly glowing scale mail for 225 gold pieces
 19869 | Orc:1    | Identified the +3 scale mail of Resilience {Dex+6} (You bought it in a shop on level 1 of the Orcish Mines)
 20226 | Orc:2    | Entered Level 2 of the Orcish Mines
 20293 | Orc:2    | Found Cyrerphua's Book Shop.
 20332 | Orc:2    | Reached skill level 5 in Dodging
 20332 | Orc:2    | Reached skill level 1 in Evocations
 20435 | Orc:2    | Found Qelus's Antique Armour Shop.
 20492 | Orc:2    | Bought a pair of faintly glowing gloves for 389 gold pieces
 20492 | Orc:2    | Bought a twisted hat for 369 gold pieces
 20492 | Orc:2    | Bought a runed cloak for 307 gold pieces
 20502 | Orc:2    | Identified the +2 hat of Ybriet {Int+3 SInv} (You bought it in a shop on level 2 of the Orcish Mines)
 20507 | Orc:2    | Identified the cursed +0 pair of gloves of Maes {Int+4} (You bought it in a shop on level 2 of the Orcish Mines)
 20618 | Orc:2    | Found Myer's General Store.
 20626 | Orc:2    | Bought a potion of heal wounds for 80 gold pieces
 20626 | Orc:2    | Bought a scroll of identify for 32 gold pieces
 20638 | Orc:2    | Noticed an orc warlord
 20640 | Orc:2    | Found Gahec's Antique Weapon Shoppe.
 20649 | Orc:2    | Killed an orc warlord
 20666 | Orc:2    | HP: 5/129 [orc warrior/short sword (14)]
 20666 | Orc:2    | Demolished by an orc knight

Vault maps used:
D:1:      lightli_arrival_maybe_door_vault
D:2:      serial_corexii_hall, corexii_hall_statues_i, corexii_hall_statues_i,
          corexii_hall_statues_x, uniq_terence
D:3:      gammafunk_temple_overflow_wave, serial_bayou_pond_d
D:4:      first_ration, uniq_grinder
D:5:      grunt_dithmenos_smoke, serial_shops, nicolae_shop_trees,
          uniq_eustachio
D:6:      kennysheep_mini, nicolae_overflow_hidden_temple,
          minmay_temple_entry_grid, basic_altar, item_on_display_a, uniq_duvessa
D:7:      uniq_prince_ribbit1
D:8:      nicolae_gozag_seed_capital
D:9:      amethyst_overflow_temple_binary, grunt_lair_entry_orc_guard_hut,
          david_orc_4, uniq_psyche
D:11:     ebering_ghost_inner_flame, portal_ice_cave_entry_animals_and_master,
          basic_altar
Temple:   chequers_temple_sunken
Lair:1:   infiniplex_staircase_pool, uniq_harold, uniq_erica
Lair:2:   lightli_volcano_entry_magma_tube, grunt_megastairs_5, uniq_nergalle,
          uniq_sonja, uniq_urug
Lair:3:   shoals_dummy_entry, minmay_snake_entry_guardpost_small,
          grunt_megastairs_1, lemuel_fruit_fields
Lair:4:   cheibrodos_lair_lostbears, grunt_megastairs_3
Lair:5:   minmay_slime_entry_jelly_boxes, fungi_pond_lemuel
Lair:6:   evil_forest, wad_woods_river_01
Orc:1:    serial_shops, shop
Orc:2:    grunt_orc_gardens, grunt_orc_garden, grunt_orc_garden,
          grunt_orc_garden, grunt_orc_garden
IceCv:    ice_cave_caverns_02

Skill      XL: |  1  2  3  4  5  6  7  8  9 10 11 12 13 14 |
---------------+-------------------------------------------+-----
Maces & Flails | 3 4 5 6 7 9 11 13 15 17 | 17.0
Dodging        | 1 2 3 4 7 |  7.3
Fighting       | 4 5 6 7 9 10 11 13 | 13.0
Armour         | 4 5 6 7 14 15 | 15.4
Invocations    | 2 4 6 8 10 | 10.0
Evocations     | 3 |  3.0
Shields        | |  3.6

Action                   |  1- 3 |  4- 6 |  7- 9 | 10-12 | 13-15 || total
-------------------------+-------+-------+-------+-------+-------++-------
Melee: Flail             |    68 |   137 |   312 |   516 |       ||  1033
       Headbutt          |    10 |    25 |    66 |   201 |   125 ||   427
       Mace              |       |       |       |   324 |   142 ||   466
       Eveningstar       |       |       |       |       |   431 ||   431
Invok: Lesser Servant of |       |       |       |     3 |     1 ||     4
Evoke: Wand              |       |       |       |       |     3 ||     3
  Use: Potion            |       |     4 |       |     2 |       ||     6
       Scroll            |       |       |    14 |    17 |     2 ||    33
 Stab: Distracted        |       |       |       |     2 |       ||     2
       Petrified         |       |       |       |       |     1 ||     1
  Eat: Chunk             |       |     6 |     9 |    28 |    19 ||    62
       Ration            |       |       |     1 |     2 |       ||     3
Armor: Scale mail        |    16 |    47 |   130 |   326 |    48 ||   567
       Plate armour      |       |       |       |    72 |   210 ||   282
Dodge: Dodged            |    21 |    44 |   119 |   276 |   166 ||   626
Block: Shield            |    33 |    49 |   161 |   397 |   277 ||   917

Table legend:
 A = Spawn XP
 B = Non-spawn XP
 C = Spawn XP percentage of total XP
 D = Spawn monster count
 E = Non-spawn monster count
 F = Spawn count percentage of total count
 G = Total turns spent on level
                    A         B        C        D         E        F      G
               +---------+---------+-------+---------+---------+-------+---------
         Total |       0 |   81844 |   0.0 |       0 |     496 |   0.0 | 20666
               +---------+---------+-------+---------+---------+-------+---------
           D:1 |       0 |      55 |   0.0 |       0 |      31 |   0.0 |   529
           D:2 |       0 |      84 |   0.0 |       0 |      21 |   0.0 |   753
           D:3 |       0 |     108 |   0.0 |       0 |      19 |   0.0 |   673
           D:4 |       0 |     949 |   0.0 |       0 |      27 |   0.0 |  1638
           D:5 |       0 |     748 |   0.0 |       0 |      10 |   0.0 |   771
           D:6 |       0 |     259 |   0.0 |       0 |       4 |   0.0 |   682
           D:7 |       0 |     762 |   0.0 |       0 |      11 |   0.0 |   705
           D:8 |       0 |     496 |   0.0 |       0 |      18 |   0.0 |   476
           D:9 |       0 |    4580 |   0.0 |       0 |      52 |   0.0 |  1138
          D:10 |       0 |    1232 |   0.0 |       0 |       7 |   0.0 |   676
          D:11 |       0 |    9383 |   0.0 |       0 |      47 |   0.0 |  1614
        Lair:1 |       0 |    5632 |   0.0 |       0 |      17 |   0.0 |   901
        Lair:2 |       0 |    5532 |   0.0 |       0 |      18 |   0.0 |  1273
        Lair:3 |       0 |    3719 |   0.0 |       0 |      20 |   0.0 |  1094
        Lair:4 |       0 |    4899 |   0.0 |       0 |      14 |   0.0 |  2534
        Lair:5 |       0 |    5777 |   0.0 |       0 |      31 |   0.0 |  1458
        Lair:6 |       0 |   25339 |   0.0 |       0 |      68 |   0.0 |  2403
         Orc:1 |       0 |     872 |   0.0 |       0 |      25 |   0.0 |   406
         Orc:2 |       0 |   10631 |   0.0 |       0 |      50 |   0.0 |   440
         IceCv |       0 |     787 |   0.0 |       0 |       6 |   0.0 |   445
               +---------+---------+-------+---------+---------+-------+---------
